 Dungeon Crawl Stone Soup version 0.18-a0-183-gad09a0e (webtiles) character file.

109 Raultor the Insei (level 4, -5/24 HPs)
             Began as a Vine Stalker Monk on Nov 23, 2015.
             Slain by a giant frog (6 damage)
             ... on level 3 of the Dungeon.
             The game lasted 00:05:43 (1774 turns).

Raultor the Insei (Vine Stalker Monk)               Turns: 1774, Time: 00:05:43

Health: -5/24      AC:  6    Str: 14    XL:     4   Next: 89%
Magic:  0/5        EV: 12    Int: 10    God:
Gold:   89         SH:  0    Dex: 17    Spells: 0 memorised, 3 levels left

rFire  . . .     SeeInvis .       - Unarmed
rCold  . . .     Clarity  .     f - +0 ring mail
rNeg   . . .     SustAt   .     (no shield)
rPois  .         Gourm    .     (no helmet)
rElec  .         Spirit   +     m - +0 cloak
rCorr  .         Warding  .     (no gloves)
rMut   .         Stasis   .     (no boots)
MR     .....                    (no amulet)
Stlth  ++........               (no ring)
                                (no ring)

@: not resistant to hostile enchantments, unstealthy
A: fangs 2, regeneration 1, magic shield, antimagic bite, no device heal 3, rot
immunity
a: no special abilities


You were on level 3 of the Dungeon.
You were not hungry.

You visited 1 branch of the dungeon, and saw 3 of its levels.

You collected 89 gold pieces.

Inventory:

Armour
 f - a +0 ring mail (worn)
 m - a +0 cloak (worn)
Scrolls
 c - a scroll of teleportation {unknown}
 d - a scroll of recharging {unknown}
 e - 2 scrolls of remove curse
 l - a scroll of identify {unknown}
 p - a scroll of fear {unknown}
Potions
 g - 3 potions of curing {unknown}
 h - 4 potions of heal wounds {unknown}
 j - a potion of ambrosia {unknown}
 k - a potion of might {unknown}
 n - a potion of haste {unknown}
 o - a potion of lignification {unknown}
Comestibles
 b - 4 bread rations
 i - 2 meat rations


   Skills:
 + Level 3.1 Fighting
 * Level 1.0 Armour
 + Level 2.9 Dodging
 - Level 2.4 Stealth
 * Level 5.1 Unarmed Combat


You had 3 spell levels left.
You didn't know any spells.

Dungeon Overview and Level Annotations

Branches:
Dungeon (3/15)

Altars:
Gozag

Annotations:
D:3 Natasha


Innate Abilities, Weirdness & Mutations

You have extremely sharp teeth.
Your natural rate of healing is unusually fast.
When hurt, damage is shared between your health and your magic reserves.
Your bite disrupts and absorbs the magic of your enemies.
Potions and wands cannot restore your health.
You are immune to rotting.


Message History

You hear some strange, mumbled words.
The giant frog hits you.
* * * LOW HITPOINT WARNING * * *
A hobgoblin comes into view.
You closely miss the giant frog.
The hobgoblin shouts!
Your bite misses the giant frog.
The giant frog is heavily wounded.
The giant frog hits you.
* * * LOW HITPOINT WARNING * * *
You hear some strange, mumbled words.
A cloud of flames roars to life!
The crimson imp shouts, "Remove thy stench, thou peeagling moldwarp wastrel!"
The crimson imp blinks!
The giant frog hits you.
* * * LOW HITPOINT WARNING * * *
Read which item? (? for menu, Esc to quit)
As you read the scroll labeled SIRCHI KAN USY, it crumbles to dust.
You feel as if something is helping you.
It was a scroll of remove curse.
The giant frog hits you!
You die...

#..# .# #
#..# ... #
#.g# >...
#.##..##.....
#...g5..h...#
#.###g####...
# #.# #F# #@#
#ยง# #.# #.#
#.# .(# ..#
..#


You could see a giant frog, a shadow imp and 3 hobgoblins.

Vanquished Creatures
  Terence (D:2)
  3 gnolls (D:2)
  2 oozes (D:2)
  4 giant cockroaches
  3 hobgoblins
  4 jackals (D:2)
  A quokka (D:2)
  7 bats
  A giant gecko (D:2)
  3 giant newts
  8 goblins
  3 kobolds
  9 rats
49 creatures vanquished.

Notes
Turn   | Place    | Note
--------------------------------------------------------------
     0 | D:1      | Raultor the Vine Stalker Monk began the quest for the Orb.
     0 | D:1      | Reached XP level 1. HP: 11/11 MP: 2/2
   109 | D:1      | You fall through a shaft!
   184 | D:1      | Reached XP level 2. HP: 16/16 MP: 3/3
   987 | D:2      | Reached XP level 3. HP: 7/19 MP: 4/4
  1108 | D:2      | Reached XP level 4. HP: 20/24 MP: 5/5
  1262 | D:2      | Noticed Terence
  1297 | D:2      | Killed Terence
  1327 | D:2      | Reached skill level 1 in Armour
  1327 | D:2      | Reached skill level 5 in Unarmed Combat
  1737 | D:3      | Found an opulent altar of Gozag.
  1752 | D:3      | Noticed a giant frog
  1760 | D:3      | Noticed Natasha
  1773 | D:3      | HP: 1/24 [giant frog (2)]
  1774 | D:3      | Slain by a giant frog

Vault maps used:
D:1:      scummos_arrival_checkerplants
D:2:      first_bread, uniq_terence
D:3:      kennysheep_the_goblin_king, lemuel_doored_altar, uniq_robin,
          uniq_iyjb, uniq_natasha, uniq_crazy_yiuf_cottage

Action                   |  1- 3 |  4- 6 || total
-------------------------+-------+-------++-------
Melee: Unarmed           |    98 |    59 ||   157
  Use: Scroll            |       |     1 ||     1
 Stab: Sleeping          |     3 |     2 ||     5
       Distracted        |       |     1 ||     1
  Eat: Chunk             |     1 |     2 ||     3
